 Dungeon Crawl Stone Soup version 0.28.0 (webtiles) character file.

Game seed: 17915235457977721861

1069 Akaron the Digger (level 8, -1/47 HPs)
             Began as an Octopode Earth Elementalist on Feb 7, 2022.
             Was an Initiate of Vehumet.
             Killed from afar by a white imp (5 damage)
             ... with a puff of frost
             ... on level 6 of the Dungeon.
             The game lasted 00:12:32 (5348 turns).

Akaron the Digger (Octopode Earth Elementalist)     Turns: 5348, Time: 00:12:33

Health: -1/47      AC:  1    Str:  8    XL:     8   Next: 28%
Magic:  1/16       EV: 13    Int: 19    God:    Vehumet [......]
Gold:   367        SH:  0    Dex: 12    Spells: 12/18 levels left

rFire   + . .      SeeInvis .   j - +0 hand axe (flame)
rCold   . . .      Faith    .   (no shield)
rNeg    . . .      Spirit   .   (helmet restricted)
rPois   +          Reflect  .   (no amulet)
rElec   .          Harm     .   l - ring of poison resistance
rCorr   .          Rampage  .   w - ring of protection from fire
Will    .....                   (no ring)
Stlth   +++.......              (no ring)
HPRegen 0.15/turn               (no ring)
MPRegen 0.15/turn               (no ring)
                                (no ring)
                                (no ring)

@: no status effects
A: almost no armour, amphibious, 8 rings, camouflage 1, gelatinous body 1,
(nimble swimmer 1), tentacles
a: Renounce Religion


You were on level 6 of the Dungeon.
You worshipped Vehumet.
Vehumet was noncommittal.
You visited 2 branches of the dungeon, and saw 7 of its levels.

You collected 367 gold pieces.

Inventory:

Hand Weapons
 j - a +0 hand axe of flaming (weapon)
Missiles
 b - 53 stones
Jewellery
 l - a ring of poison resistance (left tentacle)
 w - a ring of protection from fire (right tentacle)
Wands
 r - a wand of flame (16)
 y - a wand of paralysis (11)
Scrolls
 a - 3 scrolls of identify
 d - a scroll of teleportation {unknown}
 f - 2 scrolls of fear
 g - a scroll of brand weapon {unknown}
 h - a scroll of vulnerability {unknown}
 k - a scroll of enchant armour {unknown}
 m - a scroll of amnesia {unknown}
 q - a scroll of magic mapping {unknown}
 v - a scroll of silence {unknown}
Potions
 c - a potion of curing {unknown}
 e - 2 potions of brilliance
 i - a potion of heal wounds
 n - a potion of haste {unknown}
 o - a potion of might {unknown}
 p - a potion of attraction {unknown}
 s - 2 potions of cancellation
 t - a potion of resistance {unknown}
 u - a potion of lignification {unknown}
 x - a potion of magic {unknown}
 z - a potion of mutation {unknown}


   Skills:
 + Level 0.7 Fighting
 + Level 0.1 Axes
 + Level 2.3 Dodging
 + Level 3.1 Stealth
 + Level 5.8 Spellcasting
 + Level 3.2 Conjurations
 + Level 1.2 Transmutations
 + Level 6.6 Earth Magic


You had 12 spell levels left.
You knew the following spells:

 Your Spells              Type           Power      Damage    Failure   Level
a - Sandblast             Erth           60%        2d14      1%          1
b - Passwall              Tmut/Erth      16%        N/A       3%          2
c - Stone Arrow           Conj/Erth      48%        3d10      4%          3

Your spell library contained the following spells:

 Spells                   Type           Power      Damage    Failure   Level
 Animate Skeleton         Necr           10%        N/A       12%         1
 Pain                     Necr           20%        1d5       12%         1
 Petrify                  Tmut/Erth      20%        N/A       22%         4
 Vampiric Draining        Necr           5%         2d6       34%         3


Dungeon Overview and Level Annotations

Branches:
Dungeon (6/15)             Temple (1/1) D:4

Altars:
Ashenzari
Elyvilon
Fedhas
Hepliaklqana
Kikubaaqudgha
Makhleb
Nemelex Xobeh
Okawaru
Sif Muna
Trog
Uskayaw
Vehumet
Wu Jian
Yredelemnul
Zin
The Shining One

Shops:
D:1 (


Innate Abilities, Weirdness & Mutations

You cannot wear most types of armour.
You are amphibious.
You can wear up to eight rings at the same time.
Your skin changes colour to match your surroundings (Stealth+).
Your rubbery body absorbs attacks. (AC +1, EV +1)
((You are camouflaged when in or above water. (Stealth+)))
You have tentacles for arms and can constrict up to eight enemies at once.


Message History

The white imp is heavily wounded.
The centaur skeleton hits you.
* * * LOW HITPOINT WARNING * * *
The centaur skeleton closely misses you.
The white imp hits you.
* * * LOW HITPOINT WARNING * * *
The white imp freezes you.
* * * LOW HITPOINT WARNING * * *
You feel much better.
The centaur skeleton barely misses you. x3
The centaur skeleton closely misses you.
The white imp gestures at you. The puff of frost hits you!
You hit the white imp but do no damage. Your grab misses the white imp.
Your squeeze misses the white imp.
The white imp is heavily wounded.
You hit the centaur skeleton. You burn the centaur skeleton.
The centaur skeleton hits you. The centaur skeleton kicks you.
The white imp closely misses you.
You hit the white imp. You burn the white imp. Your grab misses the white imp.
Your squeeze misses the white imp.
The white imp is severely wounded.
You hit the centaur skeleton. You burn the centaur skeleton.
The centaur skeleton hits you.
The centaur skeleton closely misses you.
The white imp grinds its teeth.
The white imp gestures at you. The puff of frost hits you!
* * * LOW HITPOINT WARNING * * *
The centaur skeleton barely misses you.
The centaur skeleton completely misses you.
You hit the centaur skeleton. You burn the centaur skeleton.
You squeeze the centaur skeleton.
The centaur skeleton is almost destroyed.
You barely miss the white imp. The centaur skeleton hits you.
* * * LOW HITPOINT WARNING * * *
The centaur skeleton kicks you.
* * * LOW HITPOINT WARNING * * *
The white imp gestures at you. The puff of frost hits you.
You die...

#.............# .
................#..
##..>####..........
#.... ##........#
##... ##(....#..
##..[ #......#
#...###..#.###
#...#..####
#...@..# ##..Z5##
#....# #....#
.....# ..###.. .##
... ## ...


You could see a white imp and a centaur skeleton.

Vanquished Creatures
  3 black bears
  An ice beast (D:6)
  2 ogres (D:4)
  2 scorpions
  A water moccasin skeleton (D:4)
  A hound (D:5)
  A jelly (D:5)
  A centaur skeleton (D:4)
  An iguana (D:5)
  A scorpion zombie (D:5)
  An orc wizard (D:3)
  11 adders
  A white imp (D:5)
  3 worms
  10 orcs
  4 bats
  6 endoplasms
  3 giant cockroaches
  7 goblins
  6 hobgoblins
  4 ball pythons
  5 frilled lizards
  7 kobolds
  3 rats (D:1)
85 creatures vanquished.

Notes
Turn   | Place    | Note
-------+----------+-------------------------------------------
     0 | D:1      | Akaron the Octopode Earth Elementalist began the quest for
                  | the Orb.
     0 | D:1      | Reached XP level 1. HP: 11/11 MP: 3/3
   224 | D:1      | Reached XP level 2. HP: 17/17 MP: 3/5
   486 | D:1      | Learned a level 2 spell: Passwall
   678 | D:1      | Found Qaxy Miy's Weapon Shop.
   965 | D:2      | Found a faded altar of an unknown god.
  1046 | D:2      | Reached XP level 3. HP: 21/21 MP: 3/6
  1050 | D:2      | Learned a level 3 spell: Stone Arrow
  1402 | D:2      | Noticed a scorpion
  1850 | D:2      | Reached skill level 1 in Conjurations
  1850 | D:2      | Reached skill level 4 in Earth Magic
  1850 | D:2      | Reached XP level 4. HP: 22/27 MP: 3/8
  1867 | D:2      | Killed a scorpion
  1868 | D:2      | Reached XP level 5. HP: 19/32 MP: 1/9
  2214 | D:3      | Found a burning altar of Makhleb.
  3021 | D:4      | Noticed a black bear
  3071 | D:4      | Noticed an ogre
  3074 | D:4      | Killed an ogre
  3075 | D:4      | Reached skill level 5 in Earth Magic
  3075 | D:4      | Reached XP level 6. HP: 37/37 MP: 1/11
  3196 | D:4      | Killed a black bear
  3295 | D:4      | Reached XP level 7. HP: 42/42 MP: 6/13
  3690 | D:4      | Found a staircase to the Ecumenical Temple.
  3696 | Temple   | Entered the Ecumenical Temple
  3923 | Temple   | Became a worshipper of Vehumet
  4401 | D:5      | Entered Level 5 of the Dungeon
  4415 | D:5      | Found a broken altar of Ashenzari.
  4494 | D:5      | Found a bloodstained altar of Trog.
  4817 | D:5      | Reached skill level 5 in Spellcasting
  4817 | D:5      | Reached skill level 6 in Earth Magic
  4819 | D:5      | Reached XP level 8. HP: 47/47 MP: 2/15
  5348 | D:6      | Killed from afar by a white imp

Illustrated notes

Levels and vault maps discovered:
D:1:      nagdon_arrival_double_spiral, layout_loops_ring, serial_shops,
          nicolae_shop_bloodbath_and_beyond, st_stairs_4,
          minmay_misc_feat_tower, minmay_tetromino_t2
D:2:      layout_basic, hellmonk_ecumenical_altar_lost_god
D:3:      layout_basic, lightli_temple_of_fire, skrybe_limestone_x
D:4:      layout_loops_cross, minmay_temple_entry_statues_pillars,
          kennysheep_path_1
D:5:      layout_basic, trog_ov_bears_minmay, nicolae_ashenzari_panopticon
D:6:      layout_cave_pods, minivault_24, guppyfry_early_elven_hall
Temple:   nicolae_temple_figure_eight

Skill      XL: |  1  2  3  4  5  6  7  8 |
---------------+-------------------------+-----
Conjurations   | 1 2 3 |  3.2
Earth Magic    | 4 5 6 |  6.6
Spellcasting   | 3 4 5 |  5.8
Stealth        | 3 |  3.1
Fighting       | |  0.7
Axes           | |  0.1
Dodging        | |  2.3
Transmutations | |  1.2

Action                   |  1- 3 |  4- 6 |  7- 9 || total
-------------------------+-------+-------+-------++-------
Melee: Hand axe          |       |     6 |     3 ||     9
       Constrict         |       |     2 |       ||     2
       Tentacles         |       |     1 |     1 ||     2
       Punch             |       |     1 |       ||     1
 Cast: Sandblast         |    40 |    44 |    46 ||   130
       Stone Arrow       |       |     5 |    15 ||    20
  Use: Scroll            |     2 |       |     2 ||     4
       Potion            |       |     2 |     1 ||     3
Armor: Skin              |     1 |     2 |     1 ||     4
Dodge: Dodged            |     6 |    15 |    22 ||    43
